Map: [ESL] Alcyone

Players

Elazer - Winner!

  • Race: Zerg Zerg
  • Spawn Location: 7:00

Krystianer

  • Race: Protoss Protoss
  • Spawn Location: 1:00

Event: ESL SC2 Masters 2024 Spring (Regional)

VOD

Have the link to the VOD?

Description

Time

  • Played on: April 26, 2024, 12:30 p.m.
  • Length: 7:10

All games in this series

Show
View Real Time Build Order
Export as new Build Order

Elazer Zerg - Winner!

Build Orders: Hatch First 

Get SALT Encoding   

  12  0:00  Drone  
  13  0:07  Drone  
  13  0:14  Extractor  
  13  0:15  Drone  
  15  0:37  Hatchery  
  14  0:43  Extractor  
  14  0:44  Drone  
  14  0:49  Overlord  
  15  1:03  Spawning Pool  
  14  1:07  Drone  
  15  1:11  Drone  
  15  1:15  Drone  
  17  1:19  Drone  
  18  1:30  Drone  
  19  1:40  Drone  
  20  1:50  Queen  
  20  1:51  Queen  
  20  1:53  Zergling x2  
  25  1:58  Overlord  
  25  2:01  Drone  
  26  2:03  Drone  
  27  2:11  Drone  
  28  2:17  Drone  
  28  2:22  Zergling x2  
  30  2:24  Zergling x2  
  30  2:26  Queen  
  30  2:27  Queen  
  35  2:31  Extractor  
  35  2:33  Overlord, Drone  
  35  2:49  Hatchery  
  34  2:51  Zergling x2  
  34  2:57  Drone x2  
  34  2:58  Overlord  
  37  2:59  Drone x2  
  37  3:02  Drone  
  40  3:06  Queen  
  40  3:09  Zergling x2  
  40  3:11  Zergling x2  
  44  3:17  Drone x3  
  47  3:23  Overlord  
  46  3:30  Drone  
  46  3:32  Drone x3  
  47  3:34  Drone x3  
  50  3:41  Drone  
  50  3:48  Drone  
  50  3:52  Overlord  
  50  3:54  Queen  
  50  3:55  Drone  
  53  4:02  Queen  
  53  4:03  Extractor  
  53  4:04  Roach Warren  
  53  4:06  Drone x3  
  53  4:07  Drone  
  53  4:09  Metabolic Boost  
  57  4:11  Drone  
  57  4:14  Drone  
  57  4:16  Drone x2  
  61  4:20  Spore Crawler  
  61  4:21  Drone  
  61  4:24  Drone x2  
  61  4:26  Drone  
  61  4:28  Drone x2  
  65  4:34  Overlord  
  65  4:37  Extractor  
  65  4:38  Drone x3  
  68  4:39  Overlord  
  68  4:45  Roach x3  
  74  4:50  Overlord  
  74  4:55  Roach x3  
  80  5:00  Extractor  
  80  5:01  Overlord  
  80  5:04  Roach x3  
  85  5:09  Overlord  
  85  5:12  Roach x2  
  85  5:13  Roach x2  
  92  5:20  Zergling x10  
  97  5:21  Ravager x2  
  97  5:25  Zergling x2  
  100  5:28  Overlord  
  100  5:29  Queen  
  100  5:30  Zergling x4  
  100  5:35  Ravager x2  
  105  5:40  Overlord  
  100  5:44  Zergling x12  
  103  5:53  Overlord  
  100  5:58  Zergling x8  
  100  5:59  Zergling x2  
  100  6:02  Ravager  
  100  6:03  Ravager  
  105  6:11  Zergling x12  
  110  6:19  Zergling x4  
  112  6:29  Zergling x8  
  112  6:31  Ravager  
  112  6:32  Ravager  
  116  6:36  Overlord  
  116  6:38  Zergling x4  
  107  6:47  Zergling x8  
  107  6:48  Zergling x4  
Show
View Real Time Build Order
Export as new Build Order

Krystianer Protoss 

Build Orders: 1 Gate Expand, Oracle Opening, Zealot Archon, Archon Drop 

Get SALT Encoding   

  12  0:00  Probe  
  13  0:12  Probe  
  14  0:20  Pylon  
  14  0:24  Probe  
  15  0:38  Probe (Chrono Boost)  
  16  0:44  Gateway  
  16  0:47  Probe (Chrono Boost)  
  17  0:50  Assimilator  
  17  0:52  Probe  
  18  1:04  Probe  
  19  1:16  Probe  
  20  1:28  Nexus  
  20  1:38  Cybernetics Core  
  20  1:42  Probe  
  20  1:46  Assimilator  
  21  1:54  Probe  
  22  1:57  Pylon  
  22  2:06  Probe  
  23  2:12  Adept (Chrono Boost)  
  25  2:18  Probe  
  25  2:22  Stargate  
  26  2:26  Warp Gate  
  26  2:31  Probe (Chrono Boost)  
  26  2:32  Adept (Chrono Boost)  
  29  2:40  Probe (Chrono Boost)  
  31  2:48  Probe (Chrono Boost)  
  31  2:49  Probe (Chrono Boost)  
  32  2:54  Probe x2 (Chrono Boost)  
  32  2:55  Adept  
  36  3:03  Oracle (Chrono Boost)  
  36  3:06  Probe  
  36  3:07  Probe  
  41  3:17  Pylon  
  41  3:19  Probe  
  43  3:22  Gateway  
  43  3:23  Probe  
  43  3:31  Probe  
  40  3:34  Assimilator  
  40  3:35  Probe (Chrono Boost)  
  40  3:36  Assimilator  
  41  3:42  Robotics Facility  
  41  3:47  Probe (Chrono Boost)  
  43  3:49  Probe (Chrono Boost)  
  43  3:53  Twilight Council  
  43  3:54  Probe (Chrono Boost)  
  44  3:57  Probe (Chrono Boost)  
  45  4:03  Gateway  
  45  4:04  Probe, Gateway  
  45  4:08  Probe  
  47  4:12  Pylon  
  47  4:16  Probe  
  48  4:20  Probe  
  49  4:25  Adept x2  
  49  4:29  Warp Prism (Chrono Boost)  
  53  4:36  Templar Archives  
  55  4:39  Probe  
  56  4:46  Pylon  
  56  4:53  Nexus  
  56  4:54  Probe  
  56  4:58  Probe  
  58  5:07  Probe  
  59  5:08  Pylon  
  59  5:10  Probe  
  59  5:14  High Templar x4  
  66  5:17  Archon  
  66  5:18  Archon  
  66  5:19  Probe  
  69  5:22  Shield Battery, Probe  
  69  5:24  Immortal (Chrono Boost)  
  74  5:31  Probe  
  74  5:32  Pylon  
  74  5:34  Probe  
  76  5:43  Probe  
  76  5:46  Probe  
  78  5:55  Probe  
  78  5:56  Immortal (Chrono Boost)  
  78  5:57  Pylon  
  79  5:58  Zealot, Probe  
  79  6:00  Pylon  
  79  6:02  Shield Battery  
  81  6:04  Shield Battery  
  81  6:07  High Templar x2, Probe  
  81  6:09  Zealot  
  81  6:10  Probe  
  89  6:12  Archon, Probe  
  90  6:19  Zealot, Probe  
  90  6:22  Probe  
  90  6:24  Probe  
  93  6:30  Zealot  
  93  6:31  Probe  
  100  6:34  Probe  
  101  6:44  Zealot x3  
  101  6:45  Probe  
  102  6:51  Pylon  
  102  6:52  Pylon, Zealot  
  93  6:59  Pylon  
  81  7:05  Zealot x3  
Tags
 
Add a new tag
Caveats
  • Supply blocks, unpowered buildings, or Contaminate may cause inaccurate times.
  • Supply counts are checked every 10 seconds.